 Dungeon Crawl Stone Soup version 0.29.1-13-g9f3cf754e1 (webtiles) character file.

Game seed: 2083271711314438447

1 xian the Caller (level 1, -1/13 HPs)
             Began as a Demonspawn Summoner on Feb 7, 2023.
             Slain by a jackal (2 damage)
             ... on level 1 of the Dungeon.
             The game lasted 00:00:46 (131 turns).

xian the Caller (Demonspawn Summoner)                Turns: 131, Time: 00:00:46

Health: -1/13      AC:  2    Str:  8    XL:     1   Next: 16%
Magic:  0/3        EV: 12    Int: 16    God:
Gold:   0          SH:  0    Dex: 13    Spells: 3/4 levels left

rFire   . . .      SeeInvis .   (no weapon)
rCold   . . .      Faith    .   (no shield)
rNeg    . . .      Spirit   .   a - +0 robe
rPois   .          Reflect  .   (no helmet)
rElec   .          Harm     .   (no cloak)
rCorr   .          Rampage  .   (no gloves)
Will    .....                   (no boots)
Stlth   ++........              (no amulet)
HPRegen 0.04/turn               (no ring)
MPRegen 0.08/turn               (no ring)

@: no status effects
A: no striking features
a: no special abilities


You were on level 1 of the Dungeon.
You visited 1 branch of the dungeon, and saw 1 of its levels.

Inventory:

Armour
 a - a +0 robe (worn)
Scrolls
 c - a scroll of amnesia {unknown}
 d - a scroll of vulnerability {unknown}
Potions
 b - a potion of magic


   Skills:
 + Level 1.7 Dodging
 + Level 1.7 Stealth
 + Level 2.0 Spellcasting
 + Level 4.0 Summonings


You had 3 spell levels left.
You knew the following spells:

 Your Spells              Type           Power      Damage    Failure   Level
a - Summon Small Mammal   Summ           56%        N/A       4%          1

Your spell library contained the following spells:

 Spells                   Type           Power      Damage    Failure   Level
 Call Imp                 Summ           14%        N/A       6%          2
 Call Canine Familiar     Summ           14%        N/A       12%         3
 Summon Guardian Golem    Hex/Summ       8%         N/A       26%         3
 Summon Lightning Spire   Summ/Air       8%         N/A       65%         4


Dungeon Overview and Level Annotations

Branches:
Dungeon (1/15)

Altars:


Message History

The kobold is moderately wounded.
The kobold hits you but does no damage.
The kobold throws a stone.
The stone barely misses you.
You are too injured to fight recklessly!
Casting: Summon Small Mammal (safe; 4% risk of failure)
Confirm with . or Enter, or press ? or * to list all spells.
You swap places.
The kobold barely misses your rat.
Your rat closely misses the kobold.
A dart slug comes into view.
The kobold hits your rat with a +0 club.
Your rat dies!
Your rat's corpse disappears in a puff of smoke!
The kobold throws a stone.
The stone closely misses you.
You are too injured to fight recklessly!
Casting: Summon Small Mammal (safe; 4% risk of failure)
Confirm with . or Enter, or press ? or * to list all spells.
The kobold throws a stone.
The stone barely misses you. The stone hits your bat.
Your bat hits the kobold but does no damage.
Your bat hits the kobold. The kobold closely misses your bat.
Your bat hits the kobold.
You see here a scroll labelled SOOTTI VOSUPE.
d - a scroll labelled SOOTTI VOSUPE Your bat closely misses the kobold.
The kobold hits your bat with a +0 club.
Your bat dies!
Your bat's corpse disappears in a puff of smoke!
The kobold shouts!
You barely miss the kobold.
The kobold is heavily wounded.
The kobold hits you but does no damage.
You hit the kobold but do no damage.
The kobold is heavily wounded.
The kobold closely misses you. The jackal bites you.
* * * LOW HITPOINT WARNING * * *
The jackal closely misses you. The kobold attacks as you move away!
The kobold misses you. The jackal bites you.
You die...

.. ............ ..###
...#.........## ......
...#.......... ......
#...........# ......
......w.... ####...##.
.........#+##........#
#h..#.##K.......#
#.#..wh.h........
#K#####.r@###+#..
#...)...#...#.#
###########.#.# #.#.#
#.#.# ####...#
#......#
#####.####.####
#.....# #....###


You could see a dart slug, 2 jackals, a kobold and a rat.

Vanquished Creatures
  A goblin (D:1)
1 creature vanquished.

Notes
Turn   | Place    | Note
-------+----------+-------------------------------------------
     0 | D:1      | xian the Demonspawn Summoner began the quest for the Orb.
     0 | D:1      | Reached XP level 1. HP: 13/13 MP: 3/3
   131 | D:1      | Slain by a jackal

Illustrated notes

Levels and vault maps discovered:
D:1:      scummos_arrival_checkerplants, layout_basic, nrook_uturn,
          kennysheep_another_room

Action                   || total
-------------------------++-------
Melee: Unarmed           ||    16
 Cast: Summon Small Mamm ||     5
Armor: Robe              ||     8
Dodge: Dodged            ||    12
